 Dungeon Crawl Stone Soup version 0.18.1-48-g4cf74bf (webtiles) character file.

137 PsychoReaper the Skirmisher (level 5, -5/46 HPs)
             Began as a Demonspawn Abyssal Knight on Aug 9, 2016.
             Was a Believer of Lugonu.
             Slain by Tempura's ghost (9 damage)
             ... on level 3 of the Dungeon.
             The game lasted 00:22:42 (3539 turns).

PsychoReaper the Skirmisher (DsAK)                  Turns: 3539, Time: 00:22:42

Health: -5/46      AC: 11    Str: 18    XL:     5   Next: 0%
Magic:  0/7        EV:  7    Int: 13    God:    Lugonu [**....]
Gold:   89         SH:  0    Dex: 13    Spells: 0 memorised, 4 levels left

rFire  + + .     SeeInvis .     a - +1 falchion
rCold  . . .     Gourm    .     d - +0 chain mail
rNeg   . . .     Faith    .     (no shield)
rPois  .         Spirit   +     (no helmet)
rElec  +         Dismiss  .     C - +1 cloak
rCorr  .         Reflect  .     (no gloves)
SustAt .         Harm     .     (no boots)
MR     .....     Rnd*Tele +     (no amulet)
Stlth  ..........               y - ring of protection from fire
                                g - ring of wizardry

@: mighty, not resistant to hostile enchantments, extremely unstealthy
A: fire resistance 1, robust 1, screaming 1, electricity resistance,
teleportitis 1, magic shield
a: Depart the Abyss, Bend Space, Renounce Religion


You were on level 3 of the Dungeon.
You worshipped Lugonu.
Lugonu was pleased with you.
You were not hungry.

You visited 1 branch of the dungeon, and saw 4 of its levels.
You visited the Abyss 1 time.

You collected 89 gold pieces.

Inventory:

Hand Weapons
 a - a +1 falchion (weapon)
 e - a +0 short sword
Missiles
 h - 19 bolts
 k - 31 poisoned needles
 s - 6 needles of sleeping
 u - 77 arrows
 A - a throwing net (quivered)
Armour
 b - a +0 leather armour
 d - a +0 chain mail (worn)
 t - a +0 cloak
 C - a +1 cloak (worn)
Jewellery
 g - a ring of wizardry (left hand)
 y - a ring of protection from fire (right hand)
Scrolls
 m - a scroll of identify
 p - a scroll of blinking {unknown}
 r - a scroll of recharging {unknown}
 w - a scroll of enchant armour {unknown}
Potions
 f - 2 potions of berserk rage {unknown}
 i - 2 potions of cancellation
 n - a potion of mutation
 q - a potion of curing {unknown}
 x - a potion of might
Comestibles
 c - 3 bread rations
 j - 2 chunks of flesh
 v - a beef jerky


   Skills:
 + Level 4.0 Fighting
 + Level 2.0 Long Blades
 + Level 3.4 Armour
 + Level 1.2 Dodging
 + Level 0.2 Stealth
 + Level 2.9 Invocations


You had 4 spell levels left.
You didn't know any spells.

Dungeon Overview and Level Annotations

Branches:
Dungeon (4/15)
 Temple: D:4-7

Altars:
Gozag
Kikubaaqudgha

Annotations:
D:3 Tempura's ghost, weakling MiFi


Innate Abilities, Weirdness & Mutations

Your flesh is heat resistant.
When hurt, damage is shared between your health and your magic reserves.
You are robust (+10% HP).
You occasionally shout uncontrollably at your foes.
You are resistant to electric shocks.
You are occasionally teleported next to monsters.


Message History

You feel insulated.
You feel fantastic!
Tempura's ghost hits you but does no damage.
Tempura's ghost hits you!
* * * LOW HITPOINT WARNING * * *
Drink which item? (? for menu, Esc to quit)
It was a potion of might.
You feel very mighty all of a sudden.
Tempura's ghost hits you but does no damage.
You slash Tempura's ghost!
Tempura's ghost is heavily damaged.
Tempura's ghost hits you.
* * * LOW HITPOINT WARNING * * *
You closely miss Tempura's ghost.
Tempura's ghost is heavily damaged.
Tempura's ghost barely misses you.
You slash Tempura's ghost!
Tempura's ghost is almost destroyed.
Tempura's ghost hits you!
You die...

...........#### #.#
#.....##
.###.##..########.#
##.#....
.##.##............#
##### .#..#
.###.#...#######..#
#... .#..##
#.......##
#..####.######....
.#####..#
#................)
.# ##.#
#.#####.######....
.# #.# #W# #.# #....
## #.# #@# #.# #....
## #.# #.# #.# #....
.## #.# #.# #.#
#.... #.##
#.########.# #.#
#$... ##.#
#..........# #.#
#.... #.##
#########..## #.#
####. .## ###...# .
#### #.....# .
...##########.#.#.##


You could see Tempura's ghost.

Vanquished Creatures
  Jessica (D:2)
  A worker ant (D:4)
  3 adders
  A worm (D:3)
  4 giant geckos
  An orc (D:3)
  2 ball pythons (D:2)
  A giant cockroach (D:2)
  4 goblins
  6 hobgoblins
  3 jackals
  2 quokkas
  11 bats
  3 giant newts
  9 kobolds
  4 rats
56 creatures vanquished.

Notes
Turn   | Place    | Note
--------------------------------------------------------------
     0 | Abyss:1  | PsychoReaper the Demonspawn Abyssal Knight began the quest for the Orb.
     0 | Abyss:1  | Reached XP level 1. HP: 18/18 MP: 2/2
    15 | D:1      | Escaped the Abyss
   272 | D:1      | Reached skill level 1 in Dodging
   279 | D:1      | Gained mutation: Your flesh is heat resistant. [demonic ancestry]
   279 | D:1      | Reached XP level 2. HP: 16/24 MP: 3/3
   718 | D:1      | Reached ** piety under Lugonu
  1008 | D:2      | Found a faded altar to an unknown god.
  1146 | D:2      | Noticed Jessica
  1159 | D:2      | Killed Jessica
  1159 | D:2      | Gained mutation: When hurt, damage is shared between your health and your magic reserves. [demonic ancestry]
  1159 | D:2      | Reached XP level 3. HP: 29/30 MP: 5/5
  1337 | D:2      | Found an opulent altar of Gozag.
  1568 | D:2      | Reached XP level 4. HP: 37/37 MP: 6/6
  1707 | D:2      | Found an ancient bone altar of Kikubaaqudgha.
  1807 | D:3      | Noticed Tempura's ghost (weakling MiFi)
  2177 | D:3      | Reached skill level 4 in Fighting
  2739 | D:4      | Noticed an ogre
  2831 | D:3      | Gained mutation: You occasionally shout uncontrollably at your foes. [potion of mutation]
  2831 | D:3      | Gained mutation: You are occasionally teleported next to monsters. [potion of mutation]
  2831 | D:3      | Gained mutation: You are robust (+10% HP). [potion of mutation]
  3077 | D:3      | HP: 1/40 [Tempura's ghost (11)]
  3493 | D:3      | Reached XP level 5. HP: 43/46 MP: 5/7
  3526 | D:3      | Gained mutation: You are resistant to electric shocks. [potion of beneficial mutation]
  3539 | D:3      | Slain by Tempura's ghost

Skill      XL: |  1  2  3  4 |
---------------+-------------+-----
Dodging        | 1 |  1.2
Armour         | 2 3 |  3.4
Long Blades    | 2 |  2.0
Fighting       | 4 |  4.0
Stealth        | |  0.2
Invocations    | |  2.9

Action                   |  1- 3 |  4- 6 || total
-------------------------+-------+-------++-------
Melee: Falchion          |   127 |   150 ||   277
  Use: Scroll            |       |     4 ||     4
       Potion            |       |     3 ||     3
  Eat: Chunk             |     2 |     4 ||     6
       Meat ration       |       |     1 ||     1
Armor: Chain mail        |    87 |   149 ||   236
Dodge: Dodged            |    35 |    70 ||   105
